 Dungeon Crawl Stone Soup version 0.31-a0-437-g7cee417757 (console) character file.

Game seed: 7458513864748299830

14 Lexodia the Changeling (level 2, -2/12 HPs)
             Began as a Felid Shapeshifter on Aug 2, 2023.
             Frozen to death by an endoplasm (3 damage)
             ... on level 1 of the Dungeon.
             The game lasted 00:00:52 (516 turns).

Lexodia the Changeling (Felid Shapeshifter)          Turns: 516, Time: 00:00:53

Health: -2/12      AC:  1    Str: 11    XL:     2   Next: 31%
Magic:  3/3        EV: 17    Int:  9    God:
Gold:   31         SH:  0    Dex: 16    Spells: 1/1 levels left
                                        Lives:  0   Deaths: 0

rFire   . .          .
                       - Unarmed
rCold   . . .        (shield unavailable)
rNeg    . . .        (body armour unavailable)
rPois   .            (helmet unavailable)
rElec   .            (cloak unavailable)
rCorr   .            (gloves unavailable)
SInv    +            (boots unavailable)
Will    .....        (no amulet)
Stlth   ++           (no ring)
HPRegen 0.22/turn    (no ring)
MPRegen 0.08/turn

%: no passive effects
@: beast-form, quick
A: beast (slay +2), very small, claws 1, fangs 3, see invisible, speed 1, shaggy
fur 1, stealthy paws, no weapons or thrown items, no armour, multi-lived
a: Begin Untransformation


You were on level 1 of the Dungeon.
You were a hulking beast.
You visited 1 branch of the dungeon, and saw 1 of its levels.

You collected 31 gold pieces.

Inventory:

Talismans
 b - a beast talisman (active)
Scrolls
 c - a scroll of fear {unknown}
 d - a scroll of fog {unknown}
Potions
 a - a potion of lignification
 e - a potion of enlightenment {unknown}


   Skills:
 + Level 1.0 Fighting
 + Level 2.6 Dodging
 * Level 0.2 Stealth
 * Level 3.3 Unarmed Combat
 + Level 3.6 Shapeshifting


You had one spell level left.
You didn't know any spells.
Your spell library was empty.

Dungeon Overview and Level Annotations

Branches:
Dungeon (1/15)

Altars:


Innate Abilities, Weirdness & Mutations

You are a hulking beast.
Your limbs bulge with bestial killing power. (Slay +2)
You have sharp claws.
You have razor-sharp teeth.
You have supernaturally acute eyesight. (SInv)
You cover ground quickly. (Speed+)
You are covered in fur. (AC +1)
Your paws help you pounce on unaware monsters.
You are incapable of wielding weapons or throwing items.
You cannot wear armour.
You gain extra lives every three experience levels.


Message History

An endoplasm comes into view.
The endoplasm moves out of view.
A kobold is nearby!
The endoplasm quivers.
You scratch the kobold.
The kobold is heavily wounded.
The kobold barely misses you.
You miss the kobold.
The kobold is heavily wounded.
The kobold hits you with a +2 dagger of holy wrath.
Huge Dmg: -25%(-3hp) hp: 75%(9hp)
You scratch the kobold but do no damage.
Your bite misses the kobold.
The kobold is heavily wounded.
The kobold barely misses you.
You scratch the kobold. You bite the kobold, but do no damage.
The kobold is severely wounded.
The kobold misses you.
You closely miss the kobold.
The kobold is severely wounded.
The endoplasm freezes you.
You are frozen.
The kobold completely misses you.
Huge Dmg: -33%(-4hp) hp: 42%(5hp)
You are too injured to fight recklessly!
You are too injured to fight recklessly!
You are too injured to fight recklessly!
You scratch the kobold.
You kill the kobold!
The endoplasm misses you. The endoplasm freezes you.
You are frozen.
* * * LOW HITPOINT WARNING * * *
Things that are here:
a +2 dagger of holy wrath; 5 stones; a kobold corpse Huge Dmg: -33%(-4hp) hp: 9%(1hp)
You scratch the endoplasm.
The endoplasm is severely wounded.
The endoplasm freezes you.
You are frozen.
You die...

#. #. ###########)
#...........
#.#########. #.# #.
#############.#########.
.......J...............>
#.....h...##.#########.
#.##...##.##.# #.
#.##...##.##.#########'
#.##...##.##...........
#.##...##.##...........
#.##...##.##...........
#.###.###.##...........
## #.# #.
#.##.....).....
.##########.#
#.##...........


You could see an endoplasm.

Vanquished Creatures
  2 bats (D:1)
  3 endoplasms (D:1)
  A giant cockroach (D:1)
  A hobgoblin (D:1)
  3 kobolds (D:1)
  2 rats (D:1)
12 creatures vanquished.

Notes
Turn   | Place    | Note
-------+----------+-------------------------------------------
     0 | D:1      | Lexodia the Felid Shapeshifter began the quest for the Orb.
     0 | D:1      | Reached XP level 1. HP: 9/9 MP: 2/2
   142 | D:1      | Huge Dmg: 2 dmg
   144 | D:1      | Huge Dmg: 3 dmg
   149 | D:1      | Huge Dmg: 2 dmg
   183 | D:1      | Huge Dmg: 3 dmg
   213 | D:1      | Huge Dmg: 2 dmg
   293 | D:1      | Reached XP level 2. HP: 12/12 MP: 3/3
   511 | D:1      | Huge Dmg: 3 dmg
   514 | D:1      | Huge Dmg: 4 dmg
   516 | D:1      | Huge Dmg: 4 dmg
   516 | D:1      | Frozen to death by an endoplasm

Illustrated notes

Levels and vault maps discovered:
D:1:      dpeg_chamrin_arrival_tetris, layout_basic,
          ebering_dispersal_statue_hall, chequers_jeans, minmay_misc_feat_tiny

Action                     || total
---------------------------++-------
  Melee: Unarmed           ||    30
         Bite              ||     1
   Stab: Sleeping          ||     2
 Armour: Skin              ||     1
  Dodge: Dodged            ||    18

Table legend: (Time is in decaauts)
 A = Elapsed time spent in this place.
 B = Non-inter-level travel time spent in this place.
 C = Inter-level travel time spent in this place.
 D = Time resting spent in this place.
 E = Time spent auto-exploring this place.
 F = Levels seen in this place.
 G = Mean time per level.
                   A        B        C        D        E       F      G
               +--------+--------+--------+--------+--------+-----+--------+
         Total |    428 |    428 |      0 |     30 |    323 |   1 |  428.0 |
       Dungeon |    428 |    428 |      0 |     30 |    323 |   1 |  428.0 |
               +--------+--------+--------+--------+--------+-----+--------+

Top non-repeatable levels by time:
     D:1: 428 daAuts
